 Dungeon Crawl Stone Soup version 0.32-a0-433-g08bcfe7efd (webtiles) character file.

Game seed: 3966467511900114639

1518101 HyperOdds the Slayer (level 25, 195/195 HPs)
             Began as a Barachi Reaver on Feb 17, 2024.
             Was the Champion of Hepliaklqana.
             Escaped with the Orb
             ... and 3 runes on Feb 22, 2024!
             The game lasted 03:36:35 (77382 turns).

HyperOdds the Slayer (Barachi Reaver)              Turns: 77382, Time: 03:36:36

Health: 195/195    AC: 26    Str: 20      XL:     25   Next: 64%
Magic:  43/43      EV: 25    Int: 24      God:    Hepliaklqana [******]
Gold:   4713       SH: 24    Dex: 17 (18) Spells: 15/57 levels left

rFire   + + .        a - +7 war axe of Dihiuj {protect, rC+ Will+ SInv}
rCold   + + +        o - +3 tower shield {AC+3}
rNeg    + . .        G - +4 skin of Zhor {*Englaciate rC+++ SInv}
rPois   +            P - +3 hat of the Eternal Void {rN+ Slay+3}
rElec   .            N - +2 cloak {Will+}
rCorr   +            U - +2 pair of gloves of Ucleilano {Dex+4}
SInv    +            y - +3 pair of mountain boots {steadfast, rC+}
Will    +++..        R - amulet of magic regeneration
Stlth   ++           M - ring "Ofores" {EV+5 Str+6}
HPRegen 0.52/turn    Z - ring of Kyagoymo {rPois rF++ rCorr AC+4 Int-2}
MPRegen 0.68/turn

%: no passive effects
@: slow
A: reduced essence, amphibious, slowness 1, strong legs 2, +LOS, agile 1, clever
1, deterioration 1
0: Orb of Zot
}: 3/15 runes: decaying, serpentine, silver
a: Hop, Renounce Religion, Recall Ancestor, Ancestor Identity, Transference,
Idealise


You escaped.
You worshipped Hepliaklqana.
Hepliaklqana was exalted by your worship.
You visited 10 branches of the dungeon, and saw 48 of its levels.
You visited 1 bazaar.
You also visited: Bailey, Wizlab and Desolation.

You collected 9234 gold pieces.
You spent 4521 gold pieces at shops.

Inventory:

Hand Weapons
 a - the +7 war axe of Dihiuj (weapon) {protect, rC+ Will+ SInv}
   (You bought it in a shop on level 12 of the Dungeon)

   rC+:       It protects you from cold.
   Will+:     It increases your willpower.
   SInv:      It lets you see invisible.
 b - the +7 broad axe "Faonez" {freeze, rPois}
   (You found it on level 6 of the Dungeon)

   rPois:     It protects you from poison
Armour
 o - a +3 tower shield of protection (worn)
 r - the +3 salamander hide armour {Flames, rFlCloud rF++ rC--}
   (You found it on level 4 of the Depths)

   Flames:    It surrounds you with flame clouds and enhances your fire magic.
   rFlCloud:  It grants immunity to flame clouds.
   rF++:      It greatly protects you from fire.
   rC--:      It makes you very vulnerable to cold.
 y - the +3 pair of mountain boots (worn) {steadfast, rC+}
   (You found it on level 3 of the Elven Halls)

   Steadfast: It prevents involuntary movement, except for blinking,
   teleportation, or banishment.
   rC+:       It protects you from cold.
 G - the +4 skin of Zhor (worn) {*Englaciate rC+++ SInv}
   (You bought it in a shop in a bazaar)

   *Englaciate: It radiates cold, occasionally slowing all nearby creatures who
   are not resistant to cold.
   rC+++:     It renders you almost immune to cold.
   SInv:      It lets you see invisible.
 N - a +2 cloak of willpower (worn)
 P - the +3 hat of the Eternal Void (worn) {rN+ Slay+3}
   (You found it on level 9 of the Dungeon)

   Slay+3:    It affects your accuracy & damage with ranged weapons and melee
   (+3).
   rN+:       It protects you from negative energy.
 U - the +2 pair of gloves of Ucleilano (worn) {Dex+4}
   (You found it on level 1 of the Vaults)

   Dex+4:     It affects your dexterity (+4).
Magical Staves
 K - a staff of air
Jewellery
 p - the ring of Boemp {Fly rCorr}
   (You found it on level 3 of the Lair of Beasts)

   [ring of resist corrosion]

   Fly:       It grants you flight.
   rCorr:     It protects you from acid and corrosion.
 v - the ring "Vaubbetz" {*Corrode rPois rF+ Int+3 Dex+4}
   (You took it off a tengu reaver on level 5 of the Vaults)

   [ring of protection from fire]

   Int+3:     It affects your intelligence (+3).
   Dex+4:     It affects your dexterity (+4).
   rF+:       It protects you from fire.
   rPois:     It protects you from poison *Corrode: It may corrode you when you
   take damage.
 C - a ring of ice
 H - a +6 ring of intelligence
 M - the ring "Ofores" (left hand) {EV+5 Str+6}
   (You bought it in a shop on level 15 of the Dungeon)

   [ring of evasion]

   EV+5:      It affects your evasion (+5).
   Str+6:     It affects your strength (+6).
 R - an amulet of magic regeneration (around neck)
 S - a ring of ice
 W - a ring of wizardry
 Y - the amulet "Neorov" {Faith Rampage Int+2}
   (You found it on level 4 of the Lair of Beasts)

   [amulet of faith]

   Faith:     It allows you to gain divine favour quickly.
   Int+2:     It affects your intelligence (+2).
   Rampage:   It bestows one free step when moving towards enemies.
 Z - the ring of Kyagoymo (right hand) {rPois rF++ rCorr AC+4 Int-2}
   (You found it on level 3 of the Dungeon)

   [ring of protection]

   AC+4:      It affects your AC (+4).
   Int-2:     It affects your intelligence (-2).
   rF++:      It greatly protects you from fire.
   rPois:     It protects you from poison rCorr: It protects you from acid and
   corrosion.
Wands
 w - a wand of mindburst (24)
 D - a wand of digging (10)
 J - a wand of charming (39)
 L - a wand of polymorph (42)
 T - a wand of acid (20)
 X - a wand of roots (27)
Scrolls
 f - 4 scrolls of amnesia
 g - 5 scrolls of fear
 k - 5 scrolls of poison
 t - 15 scrolls of teleportation
 A - 2 scrolls of butterflies
 B - 8 scrolls of blinking
 I - 6 scrolls of immolation
 V - 8 scrolls of fog
Potions
 c - 2 potions of magic
 d - 9 potions of might
 h - 2 potions of haste
 i - 6 potions of lignification
 j - 7 potions of enlightenment
 l - 2 potions of heal wounds
 m - a potion of invisibility
 n - 4 potions of resistance
 q - 14 potions of curing
 s - 7 potions of mutation
 x - 5 potions of brilliance
 E - 5 potions of cancellation
 F - 2 potions of ambrosia
 Q - 8 potions of attraction
Miscellaneous
 e - a phial of floods
 u - a box of beasts
 z - a phantom mirror


   Skills:
 + Level 22.3 Fighting
 - Level 17.8(18.0) Axes
 - Level 3.4(12.1) Maces & Flails
 + Level 15.8 Dodging
 * Level 9.4 Stealth
 * Level 18.4 Shields
 + Level 16.6 Spellcasting
 - Level 7.2 Conjurations
 - Level 6.0 Hexes
 - Level 2.2 Translocations
 - Level 4.0 Fire Magic
 + Level 21.9 Ice Magic
 - Level 2.0 Air Magic
 - Level 14.2 Alchemy
 - Level 10.0 Invocations
 - Level 10.0 Evocations


You had 15 spell levels left.
You knew the following spells:

 Your Spells              Type           Power      Damage    Failure   Level
a - Kiss of Death         Conj/Necr      100%       2d13      1%          1
b - Ozocubu's Refrigerat  Ice            45%        4d17      1%          7
c - Mercury Vapours       Alch/Air       100%       N/A       1%          2
e - Sting                 Conj/Alch      100%       1d9       1%          1
f - Sticky Flame          Fire/Alch      59%        2d10      1%          4
h - Hailstorm             Conj/Ice       74%        3d13      1%          3
m - Momentum Strike       Conj/Tloc      84%        3d10      1%          2
o - Olgreb's Toxic Radia  Alch           73%        N/A       1%          4
p - Ignite Poison         Fire/Alch      59%        N/A       1%          4
s - Sculpt Simulacrum     Ice/Alch       41%        N/A       1%          6
y - Yara's Violent Unrav  Hex/Alch       31%        3d13      2%          5
z - Ozocubu's Armour      Ice            90%        N/A       0%          3

Your spell library contained the following spells:

 Spells                   Type           Power      Damage    Failure   Level
 Freeze                   Ice            100%       1d10      0%          1
 Frozen Ramparts          Ice            100%       1d16      0%          3
 Magic Dart               Conj           100%       1d8       1%          1
 Shock                    Conj/Air       100%       1d9       1%          1
 Cigotuvi's Dreadful Rot  Necr/Alch/Air  90%        N/A       1%          2
 Jinxbite                 Hex            96%        N/A       1%          2
 Scorch                   Fire           78%        2d8       1%          2
 Confusing Touch          Hex            48%        N/A       1%          3
 Dazzling Flash           Conj/Hex       100%       N/A       1%          3
 Inner Flame              Hex/Fire       44%        N/A       1%          3
 Mephitic Cloud           Conj/Alch/Air  55%        N/A       1%          3
 Summon Ice Beast         Ice/Summ       64%        N/A       1%          3
 Fulminant Prism          Conj/Alch      32%        3d15      1%          4
 Alistair's Intoxication  Alch           48%        N/A       1%          5
 Irradiate                Conj/Alch      32%        3d22      1%          5
 Metabolic Englaciation   Hex/Ice        36%        N/A       1%          5
 Apportation              Tloc           60%        N/A       2%          1
 Freezing Cloud           Conj/Ice/Air   31%        6-21      2%          5
 Eringya's Noxious Bog    Alch           36%        4d6       2%          6
 Blink                    Tloc           60%        N/A       3%          2
 Lesser Beckoning         Tloc           60%        N/A       3%          2
 Stone Arrow              Conj/Erth      74%        3d11      3%          3
 Leda's Liquefaction      Alch/Erth      26%        N/A       3%          4
 Petrify                  Alch/Erth      52%        N/A       3%          4
 Necrotise                Necr           80%        1d8       5%          1
 Summon Small Mammal      Summ           80%        N/A       5%          1
 Flame Wave               Conj/Fire      46%        2d12      5%          4
 Gell's Gravitas          Tloc           30%        N/A       6%          3
 Teleport Other           Tloc           30%        N/A       6%          3
 Swiftness                Air            29%        N/A       7%          3
 Iskenderun's Mystic Bla  Conj/Tloc      42%        2d10      8%          4
 Iskenderun's Battlesphe  Conj           53%        2d10      8%          5
 Call Imp                 Summ           40%        N/A       9%          2
 Sublimation of Blood     Necr           20%        N/A       9%          2
 Dimensional Bullseye     Hex/Tloc       19%        N/A       10%         4
 Fugue of the Fallen      Necr           20%        N/A       16%         3
 Manifold Assault         Tloc           30%        N/A       22%         4
 Vhi's Electric Charge    Tloc/Air       60%        N/A       22%         4
 Arcjolt                  Conj/Air       21%        1d31      22%         5
 Airstrike                Air            14%        2d(3-19)  24%         4
 Summon Blazeheart Golem  Fire/Summ      29%        N/A       24%         4
 Silence                  Hex/Air        19%        N/A       28%         5
 Animate Armour           Summ/Erth      40%        N/A       47%         4
 Animate Dead             Necr           20%        N/A       47%         4
 Dispel Undead            Necr           20%        3d11      47%         4
 Summon Forest            Summ/Tloc      12%        N/A       67%         5
 Curse of Agony           Necr           20%        N/A       83%         5
 Bombard                  Conj/Erth      18%        9d4       88%         6
 Plasma Beam              Fire/Air       17%        2x1d28    94%         6
 Orb of Destruction       Conj           26%        9d9       94%         7
 Dispersal                Tloc           15%        N/A       97%         6
 Haunt                    Necr/Summ      10%        N/A       100%        7
 Spellforged Servitor     Conj/Summ      18%        N/A       100%        7
 Summon Hydra             Summ           10%        N/A       100%        7
 Borgnjor's Revivificati  Necr           10%        N/A       100%        8
 Disjunction              Tloc           15%        N/A       100%        8
 Ignition                 Fire           19%        3d7       100%        8
 Infestation              Necr           10%        N/A       100%        8
 Lehudib's Crystal Spear  Conj/Erth      18%        10d6      100%        8
 Maxwell's Capacitive Co  Air            14%        ∞         100%        8
 Chain Lightning          Conj/Air       21%        3d28      100%        9
 Death's Door             Necr           10%        N/A       100%        9
 Dragon's Call            Summ           10%        N/A       100%        9


Dungeon Overview and Level Annotations

Branches:
Dungeon (15/15)            Temple (1/1) D:7            Lair (5/5) D:9
  Swamp (4/4) Lair:3        Snake (4/4) Lair:3        Slime (0/5) Lair:4
    Orc (2/2) D:10            Elf (3/3) Orc:2        Vaults (5/5) D:14
  Crypt (0/3) Vaults:2     Depths (4/4) D:15            Zot (5/5) Depths:4
 Bailey (visited)          WizLab (visited)         Desolation (visited)

Altars:
Ashenzari
Cheibriados
Dithmenos
Elyvilon
Fedhas
Gozag
Hepliaklqana
Kikubaaqudgha
Makhleb
Nemelex Xobeh
Okawaru
Qazlal
Ru
Sif Muna
Trog
Uskayaw
Vehumet
Wu Jian
Xom
Yredelemnul
Zin
The Shining One
Beogh

Shops:
D:2 (   D:10 ?   D:12 *   D:15 *   Orc:2 **[:   Elf:1 :   Elf:2 ??=*
Elf:3 =:=   Vaults:3 !   Vaults:5 *

Portals:
Hell: Depths:1 Depths:2 Depths:3 Depths:4
Abyss: Depths:1 Depths:2 Depths:3 Depths:4
Pandemonium: Depths:1 Depths:2 Depths:4
Ziggurat: Depths:1
Trove: D:15 (give 16 scrolls of teleportation)

Annotations:
D:4 Dowan, Duvessa
D:8 2 transporters, Turgor's ghost, novice GrEE
Lair:4 exclusion: oklob plant
Swamp:1 2 transporters, Lurud's ghost, adept DrSh
Elf:2 3 runed translucent doors
Zot:3 Vv
Zot:5 1 exclusion


Innate Abilities, Weirdness & Mutations

Your life essence is reduced to manifest your ancestor. (-10% HP)
You are amphibious.
You cover ground slowly.
You can hop long distances.
You have an extended range of vision and can be seen from far away.
You are agile. (Dex +4, Str/Int -1)
Your mind is acute. (Int +4, Str/Dex -1)
Your body sometimes deteriorates upon taking damage.


Message History

There is a stone staircase leading up, spattered with blood here.
You climb upwards.
There is a stone staircase leading down, spattered with blood here.
You see here an adder skeleton.
A ynoxinul comes into view.
You regained 6 hp, and now have 156/195 hp.
You regained 8 mp, and now have 28/43 mp.
Danger!
Unknown command.
The heat is drained from your surroundings.
The ynoxinul resists.
The ynoxinul is heavily wounded.
You now have 22/43 mp.
Unknown command.
The heat is drained from your surroundings.
The ynoxinul resists.
The ynoxinul is almost dead.
Ka f'lods hits the ynoxinul with a +0 broad axe of speed.
The ynoxinul dies!
You now have 16/43 mp.
Unknown command.
Unknown command.
(D) Dungeon (T) Temple (L) Lair (S) Swamp (P) Snake Pit (M) Slime Pits (O) Orcish Mines (E) Elven Halls (V) Vaults (C) Crypt (U) Depths (H) Hell (Z) Zot
Where to? (Tab/Enter - D:1 @ (x,y), ? - help) Ka f'lods is no longer moving quickly.
There is a stone staircase leading up here.
You climb upwards.
There is a stone staircase leading down here.
There is an open door here.
There is an open door here.
Magic restored.
There is an empty arch of ancient stone here.
HP restored.
There is a staircase leading out of the dungeon here.
Health restored: 195; MP restored: 43 Unknown command.
You have escaped!

#♣..................##..#
#.................♣.##..#
##..................##..#########
#......⌠.....♣.....##...........
##∩#................♣#...........
..###♣..............♣#...........
.## #..............##...........
÷# #..........R..~###..........
.# #♣..♣......@.###...>########
## #...........## #.#### #
##.♣....♣..## #.########## #
########### #.##.......# #
#.##.......# # #.##.......## #
#..††........ # ####.......## #
#.......##


You could see the friendly Ka f'lods the knight (reflecting).

Vanquished Creatures
  Frederick (Vaults:1)
  An ancient lich (Vaults:5)
  A juggernaut (Depths:4)
  Vashnia (Snake:3)
  A golden dragon (Depths:3)
  2 tentacled monstrosities
  3 liches
  An Orb Guardian (D:3)
  2 titans (Vaults:5)
  A deep elf blademaster (Elf:3)
  A deep elf master archer (Elf:3)
  A quicksilver dragon (Zot:1)
  8 sphinxes
  6 storm dragons
  2 nagarajas (Snake:4)
  3 tengu reavers (Vaults:5)
  A draconian monk (Zot:1)
  Donald (Vaults:2)
  2 draconian shifters
  A protean progenitor (Zot:3)
  A draconian knight (Zot:5)
  16 vault wardens
  7 frost giants
  4 fire giants
  2 deep elf sorcerers (Elf:3)
  A balrug (D:4)
  6 deep elf elementalists (Elf:3)
  Louise (Elf:1)
  4 orc warlords
  A ghost moth (Zot:4)
  A ghoul (Swamp:3)
  A reaper (Depths:4)
  9 stone giants
  15 very ugly things
  8 ironbound preservers
  4 formless jellyfish
  A spriggan defender (Depths:2)
  A draconian annihilator (Depths:4)
  4 ironbound thunderhulks
  9 deep elf demonologists
  4 eleionomae
  A halazid warlock (Desolation)
  4 purple draconians
  3 vampire knights
  7 deep elf death magi
  9 dire elephants
  4 bunyips
  A green draconian (Zot:1)
  2 red draconians
  2 putrid mouths (Depths:4)
  5 deep elf annihilators
  A black draconian (Depths:4)
  2 yellow draconians
  10 spark wasps
  A war gargoyle (Vaults:3)
  A green death (Depths:4)
  10 fire dragons
  A quicksilver dragon zombie (Depths:3)
  A crystal guardian (Desolation)
  Josephine (Lair:4)
  9 ettins
  5 rakshasas
  13 yaktaur captains
  3 deep elf high priests
  3 great orbs of eyes
  4 salamander tyrants
  A peacekeeper (Vaults:3)
  6 ironbound frosthearts
  10 hydras
  3 spriggan air magi
  9 anacondas
  4 ice dragons
  A sphinx zombie (Vaults:3)
  A hell beast (Depths:4)
  Erolcha (Orc:1)
  A centaur warrior (D:14)
  2 catoblepae
  An ogre mage (D:14)
  2 ghost crabs
  29 vault guards
  A two-headed ogre (shapeshifter) (Vaults:5)
  9 alligators
  10 two-headed ogres
  6 dancing weapons
  10 deep troll shamans
  9 naga warriors
  5 boulder beetles
  6 deep troll earth magi
  2 vampire magi (Depths:3)
  9 death yaks
  A titan zombie (Depths:3)
  6 tengu warriors
  A spriggan berserker (Depths:4)
  8 naga sharpshooters
  6 deep elf knights
  9 orc high priests
  6 hell knights
  10 shock serpents
  2 soul eaters (Depths:1)
  2 spriggans
  An iron troll (Depths:1)
  3 salamander mystics (Snake:4)
  A titan skeleton (Depths:1)
  3 sun demons
  4 skeletal warriors
  2 skysharks
  5 sea snakes (Snake:4)
  A deep troll (shapeshifter) (Vaults:5)
  2 sixfirhies
  A glowing orange brain (shapeshifter) (Vaults:5)
  5 goliath frogs
  A sea snake (shapeshifter) (Vaults:5)
  2 naga ritualists
  A sun moth (shapeshifter) (Depths:4)
  A golden dragon zombie (Vaults:5)
  6 arcanists
  3 swamp dragons
  A mana viper (shapeshifter) (Depths:3)
  A flayed ghost (Vaults:5)
  An orb spider (shapeshifter) (Vaults:5)
  3 mana vipers
  3 spriggan druids
  4 glowing orange brains
  35 deep trolls
  5 bog bodies
  19 ironbound convokers
  5 lindwurms
  8 deep elf archers
  5 harpies (Depths:3)
  A golden dragon skeleton (Depths:3)
  6 necromancers
  A shining eye (shapeshifter) (Vaults:5)
  15 ugly things
  9 orc knights
  17 deep elf zephyrmancers
  A tengu skeleton (Depths:3)
  8 moths of wrath
  12 deep elf pyromancers
  9 orc sorcerers
  17 salamanders
  A wolf spider (D:12)
  3 cyclopes
  2 manticores (Depths:3)
  2 will-o-the-wisps
  6 kobold blastminers
  2 meliai (shapeshifter)
  4 guardian serpents
  14 naga magi
  A faun (shapeshifter) (Depths:3)
  A smoke demon (Depths:4)
  14 elephants
  14 vault sentinels
  18 black mambas
  14 cane toads
  A gargoyle (D:10)
  A hellion (D:15)
  A torpor snail (shapeshifter) (Vaults:5)
  38 yaktaurs
  An unseen horror (D:12)
  4 rime drakes
  A kobold demonologist (D:10)
  A freezing wraith (Swamp:4)
  A tormentor (Depths:4)
  An efreet (D:14)
  7 tengu conjurers
  A komodo dragon (Lair:3)
  An ice devil (Zot:1)
  5 trolls
  A spriggan skeleton (Depths:1)
  A wind drake (shapeshifter) (Vaults:5)
  3 hornets
  A queen bee (shapeshifter) (D:14)
  5 tyrant leeches
  10 blink frogs
  5 saltlings (Desolation)
  4 polar bears
  A glass eye (Depths:3)
  A dream sheep (shapeshifter) (D:13)
  7 dream sheep (Lair:5)
  27 slime creatures
  39 yaks
  An air elemental (Elf:3)
  A shadow (D:12)
  4 wraiths
  A ynoxinul (D:4)
  3 water elementals
  A yak (shapeshifter) (D:14)
  3 wyverns
  A fire elemental (Elf:2)
  4 basilisks
  A hog (shapeshifter) (Elf:1)
  3 wargs (Orc:2)
  6 vampire mosquitoes
  A chaos spawn (D:9)
  21 nagas
  10 swamp worms
  Edmund (D:5)
  2 acid dragons
  3 hell hounds (Depths:3)
  2 hydra simulacra (Swamp:4)
  15 water moccasins
  A black bear (shapeshifter) (Elf:1)
  44 orc warriors
  2 ice beasts
  2 sky beasts
  2 black bears
  19 wolves
  A boggart (D:14)
  A tengu (shapeshifter) (D:13)
  14 centaurs
  6 ogres
  3 kobold brigands
  A human zombie (Vaults:3)
  8 bullfrogs
  7 scorpions
  An earth elemental (Elf:2)
  8 gnoll sergeants
  8 wights
  7 killer bees
  7 electric eels
  3 howler monkeys
  3 lava snakes (Snake:4)
  2 bombardier beetles
  6 gnoll boudas
  7 jellies
  7 hounds
  33 orc priests
  Ijyb (D:4)
  A sleepcap (D:6)
  4 iguanas
  Natasha (D:4)
  20 orc wizards
  4 hell rats (Lair:2)
  31 gnolls
  8 adders
  4 river rats (Lair:2)
  A shadow imp (D:7)
  3 dart slugs
  124 orcs
  3 bats
  9 endoplasms
  3 giant cockroaches
  11 goblins
  8 hobgoblins
  11 jackals
  5 quokkas
  4 ball pythons
  3 frilled lizards
  21 kobolds
  11 rats
1503 creatures vanquished.

Vanquished Creatures (collateral kills)
  2 dread liches (Vaults:5)
  A juggernaut (Depths:2)
  Saint Roka (Vaults:4)
  3 golden dragons
  A Tzitzimitl (Depths:4)
  6 tentacled monstrosities
  2 doom hounds (Depths:4)
  A walking crystal tome (Depths:4)
  3 liches
  An Orb Guardian (D:7)
  2 titans
  Grunn (Depths:4)
  2 death cobs
  2 quicksilver dragons
  2 sphinxes (Vaults:2)
  A deep elf blademaster (Elf:3)
  A tengu reaver (Depths:2)
  3 shadow dragons
  A thorn hunter (Swamp:4)
  A protean progenitor (Zot:2)
  4 fire giants
  A storm dragon (Zot:1)
  A fenstrider witch (Swamp:1)
  3 nagarajas (Snake:4)
  An emperor scorpion (D:15)
  A deep elf sorcerer (Elf:3)
  A draconian monk (Zot:5)
  2 draconian shifters (Zot:5)
  2 iron dragons (Vaults:5)
  4 frost giants
  A draconian scorcher (Zot:1)
  5 vault wardens
  3 orc warlords
  9 very ugly things
  5 ironbound preservers
  4 stone giants
  A vampire knight (Depths:4)
  A green draconian (Depths:4)
  2 deep elf annihilators
  An eleionoma (Swamp:4)
  A black draconian (Zot:5)
  2 purple draconians (Zot:5)
  A deep elf death mage (Elf:3)
  A yellow draconian (Depths:4)
  3 bunyips
  A halazid warlock (Desolation)
  A lorocyproca (D:3)
  3 red draconians
  2 spark wasps (Depths:3)
  2 fire dragons (Depths:4)
  A war gargoyle (Vaults:3)
  A green death (Depths:1)
  2 yaktaur captains
  2 servants of whispers
  2 hydras
  A rakshasa (Depths:1)
  2 great orbs of eyes
  A peacekeeper (Vaults:3)
  3 salamander tyrants
  8 vault guards
  An anaconda (Snake:3)
  A ghost crab (Swamp:4)
  A catoblepas (Lair:5)
  7 ice dragons
  5 ironbound frosthearts
  5 dancing weapons
  A centaur warrior (D:14)
  12 naga warriors
  4 deep troll earth magi
  3 two-headed ogres
  A death yak (Lair:5)
  2 soul eaters
  2 shock serpents (Snake:3)
  12 naga sharpshooters
  2 deep elf knights (Elf:2)
  A sun demon (Depths:1)
  A titan skeleton (Depths:1)
  4 goliath frogs
  A hell knight (Depths:1)
  3 iron trolls
  A sixfirhy (Depths:1)
  2 salamander mystics (Snake:4)
  A spriggan druid (Swamp:2)
  17 deep trolls
  2 skysharks (Lair:5)
  A skeletal warrior (D:15)
  3 bog bodies
  A sea snake (Snake:1)
  A shadow dragon zombie (Vaults:5)
  A swamp dragon (Swamp:3)
  A phantasmal warrior (Vaults:3)
  A deep elf archer (Elf:2)
  4 mana vipers
  2 ironbound convokers (Vaults:2)
  8 naga ritualists
  4 deep elf pyromancers
  6 orc knights
  A sphinx simulacrum (Depths:1)
  2 lindwurms (Vaults:1)
  A necromancer (Depths:3)
  11 ugly things
  2 manticores (Depths:3)
  11 salamanders
  A deep elf zephyrmancer (Elf:2)
  A moth of wrath (Zot:1)
  An elf skeleton (Vaults:5)
  3 will-o-the-wisps
  2 cyclopes
  2 vault sentinels
  A human skeleton (Vaults:3)
  7 slime creatures
  An elephant (Lair:3)
  A guardian serpent (Snake:2)
  12 naga magi
  2 torpor snails
  15 black mambas
  A black mamba (shapeshifter) (D:15)
  An ice statue (Vaults:4)
  A rime drake (Lair:3)
  4 cane toads
  5 yaktaurs
  3 freezing wraiths (Swamp:4)
  A kobold demonologist (D:10)
  5 tyrant leeches
  4 blink frogs
  3 saltlings
  2 trolls
  3 dream sheep (Lair:5)
  A spriggan (Swamp:1)
  A ynoxinul (D:2)
  An ettin skeleton (Depths:1)
  A wraith (Lair:4)
  An air elemental (Elf:2)
  2 water elementals
  7 yaks
  3 basilisks
  A fire elemental (Elf:3)
  2 wargs
  2 swamp worm simulacra (Swamp:4)
  2 vampire mosquitoes (Swamp:1)
  2 swamp worms (Lair:1)
  A naga (shapeshifter) (Elf:1)
  An acid dragon (D:12)
  26 nagas
  5 water moccasins
  11 hydra simulacra (Swamp:4)
  A human simulacrum (Vaults:5)
  A swamp drake (Swamp:1)
  10 orc warriors
  8 ogres
  A laughing skull (D:14)
  A wolf (Lair:5)
  A kobold brigand (D:10)
  4 bullfrogs
  An earth elemental (Elf:2)
  4 orc priests
  A jelly (Lair:4)
  6 orc wizards
  A boggart simulacrum (D:14)
  6 swamp drake simulacra (Swamp:4)
  9 orcs
  An endoplasm (Lair:4)
  A rat (Lair:2)
491 creatures vanquished.

Vanquished Creatures (others)
  A deep elf master archer (Elf:3)
  A vault warden (Vaults:5)
  A stone giant (Depths:2)
  3 yaktaur captains
  A hydra (Swamp:4)
  A deep elf archer (Elf:2)
  4 yaktaurs
  4 bloated husks
  A naga (Snake:4)
  A swamp worm (Swamp:4)
  46 knights
  5 ancestors
  26 foxfires
95 creatures vanquished.

Grand Total: 2089 creatures vanquished

Notes
Turn   | Place    | Note
-------+----------+-------------------------------------------
     0 | D:1      | HyperOdds the Barachi Reaver began the quest for the Orb.
     0 | D:1      | Reached XP level 1. HP: 17/17 MP: 3/3
   134 | D:1      | Reached XP level 2. HP: 23/23 MP: 5/5
   137 | D:1      | Learned a level 2 spell: Momentum Strike
   326 | D:1      | Reached skill level 1 in Translocations
   326 | D:1      | Reached XP level 3. HP: 28/28 MP: 4/6
   356 | D:1      | Learned a level 3 spell: Hailstorm
   792 | D:1      | Reached skill level 3 in Fighting
  1269 | D:2      | Reached XP level 4. HP: 35/35 MP: 2/7
  1838 | D:2      | Found Yxays's Weapon Emporium.
  1849 | D:2      | Identified the +1 helmet of the Armoured One {rN+ Dex+3}
  2332 | D:2      | Reached XP level 5. HP: 34/41 MP: 6/9
  2471 | D:2      | Reached skill level 1 in Ice Magic
  2595 | D:3      | Reached skill level 1 in Axes
  2782 | D:3      | Identified the ring of Kyagoymo {rPois rF++ rCorr AC+4
                  | Int-2}
  2785 | D:3      | You fall into a shaft and drop 2 floors!
  2785 | D:5      | Entered Level 5 of the Dungeon
  2800 | D:5      | Reached XP level 6. HP: 48/48 MP: 7/10
  2841 | D:5      | Found a sand-covered staircase.
  2845 | D:5      | Noticed Edmund
  2864 | D:5      | Reached skill level 5 in Conjurations
  3368 | D:3      | Reached skill level 4 in Fighting
  3368 | D:3      | Reached XP level 7. HP: 52/54 MP: 2/11
  3623 | D:2      | Bought a +2 war axe of electrocution for 248 gold pieces
  4285 | D:4      | Noticed Duvessa
  4285 | D:4      | Noticed Dowan
  4286 | D:4      | Noticed Natasha
  4684 | D:4      | Reached XP level 8. HP: 61/61 MP: 7/13
  4883 | D:4      | Learned a level 3 spell: Ozocubu's Armour
  5094 | D:4      | Noticed Ijyb
  5101 | D:4      | Killed Ijyb
  5489 | D:4      | Killed Natasha
  5633 | D:5      | Noticed a yak
  5633 | D:5      | Noticed a yak
  5784 | D:5      | Killed Edmund
  5785 | D:5      | Reached skill level 5 in Fighting
  5785 | D:5      | Reached skill level 5 in Ice Magic
  5982 | D:5      | Reached skill level 1 in Stealth
  6292 | D:5      | Noticed a yak
  6302 | D:4      | Killed a yak
  6303 | D:4      | Reached skill level 5 in Axes
  6307 | D:4      | Killed a yak
  6308 | D:4      | Reached XP level 9. HP: 35/68 MP: 3/15
  6530 | D:6      | Identified the +7 broad axe "Faonez" {freeze, rPois}
  6601 | D:6      | Got Casting for Initiates
  7171 | D:7      | Found an ancient bone altar of Kikubaaqudgha.
  7372 | D:7      | Reached skill level 6 in Fighting
  7387 | D:7      | Found a flagged portal.
  7451 | Bailey   | Entered a bailey
  7559 | Bailey   | Reached skill level 5 in Spellcasting
  7901 | Bailey   | Reached XP level 10. HP: 48/77 MP: 16/17
  8047 | Bailey   | Reached skill level 7 in Fighting
  8100 | Bailey   | HP: 3/75 [gnoll sergeant/+0 glaive (9)]
  8806 | D:7      | Found a staircase to the Ecumenical Temple.
  8811 | Temple   | Entered the Ecumenical Temple
  8823 | Temple   | Became a worshipper of Hepliaklqana the Forgotten
  9703 | D:8      | Found a transporter.
  9707 | D:8      | Found a transporter.
  9708 | D:8      | Noticed Turgor's ghost (novice GrEE)
  9806 | D:8      | Noticed a two-headed ogre
 10428 | D:8      | Killed a two-headed ogre
 10479 | D:8      | Learned a level 2 spell: Mercury Vapours
 10484 | D:8      | Learned a level 4 spell: Olgreb's Toxic Radiance
 10634 | D:8      | Reached * piety under Hepliaklqana
 10660 | D:8      | Reached skill level 8 in Fighting
 10824 | D:9      | Found a staircase to the Lair.
 10832 | D:9      | Reached skill level 1 in Alchemy
 10838 | D:9      | Reached skill level 5 in Stealth
 10842 | D:8      | Reached skill level 1 in Air Magic
 10976 | Lair:1   | Entered Level 1 of the Lair of Beasts
 10978 | Lair:1   | Upgraded the game from 0.32-a0-350-g4f4d228785 to
                  | 0.32-a0-360-gcd93b57ba1
 10989 | Lair:1   | Learned a level 1 spell: Sting
 10992 | Lair:1   | Noticed a death yak
 10993 | Lair:1   | Noticed a cane toad
 11002 | Lair:1   | Noticed a death yak
 11019 | D:9      | Killed a death yak
 11020 | D:9      | Reached XP level 11. HP: 43/78 MP: 11/20
 11163 | Lair:1   | Noticed a death yak
 11182 | D:8      | Killed a death yak
 11295 | Lair:1   | Noticed a death yak
 11309 | D:9      | Killed a death yak
 11310 | D:9      | Reached skill level 10 in Axes
 11650 | D:9      | Noticed a two-headed ogre
 11668 | D:9      | Killed a two-headed ogre
 11778 | D:9      | Reached skill level 5 in Alchemy
 11784 | D:9      | Reached skill level 9 in Fighting
 11999 | D:9      | Identified the +3 hat of the Eternal Void {rN+ Slay+3}
 12211 | D:9      | Reached ** piety under Hepliaklqana
 12212 | D:9      | Remembered your ancestor Ka f'lods as a knight
 12353 | D:9      | Killed a death yak
 12633 | Lair:1   | Reached XP level 12. HP: 65/86 MP: 10/22
 13155 | Lair:1   | Noticed a skyshark
 13168 | Lair:1   | Killed a skyshark
 13873 | Lair:2   | Reached skill level 10 in Fighting
 13882 | Lair:2   | Noticed a death yak
 14103 | Lair:2   | Killed a death yak
 14221 | Lair:2   | Noticed a skyshark
 14232 | Lair:2   | Killed a skyshark
 14535 | Lair:2   | Identified the +0 pair of gloves "Vibiof" {Fly Dex+2}
 14602 | Lair:2   | Noticed a five-headed hydra
 14607 | Lair:2   | Killed a five-headed hydra
 14758 | Lair:2   | Reached *** piety under Hepliaklqana
 15266 | Lair:3   | Reached skill level 1 in Invocations
 15542 | Lair:3   | Gained mutation: You can hop long distances. [Barachi
                  | growth]
 15542 | Lair:3   | Reached XP level 13. HP: 76/93 MP: 25/25
 15777 | Lair:3   | Reached skill level 10 in Alchemy
 15942 | Lair:3   | Found a staircase to the Swamp.
 15961 | Lair:3   | Identified the ring of Boemp {Fly rCorr}
 16182 | Lair:3   | Reached skill level 11 in Fighting
 17165 | Lair:4   | Noticed Josephine
 17184 | Lair:4   | Killed Josephine
 17439 | Lair:4   | Identified the amulet "Neorov" {Faith Rampage Int+2}
 17476 | Lair:4   | Found a staircase to the Slime Pits.
 17508 | Lair:4   | Reached **** piety under Hepliaklqana
 17515 | Lair:4   | Reached skill level 5 in Invocations
 17875 | Lair:5   | Entered Level 5 of the Lair of Beasts
 18067 | Lair:5   | Learned a level 6 spell: Sculpt Simulacrum
 18240 | Lair:5   | Reached XP level 14. HP: 99/101 MP: 27/27
 19418 | Lair:5   | Identified the +0 chain mail of Inviolability {Fly}
 19971 | Lair:5   | Identified the +9 war axe "Tupud" {distort, rF+ Will+}
 20174 | D:10     | Entered Level 10 of the Dungeon
 20294 | D:10     | Found Duvacy's Magic Scroll Boutique.
 20306 | D:10     | Bought a scroll of blinking for 90 gold pieces
 20306 | D:10     | Bought a scroll of butterflies for 48 gold pieces
 20306 | D:10     | Bought a scroll of enchant armour for 90 gold pieces
 20359 | D:10     | Found a staircase to the Orcish Mines.
 20384 | Orc:1    | Entered Level 1 of the Orcish Mines
 20638 | Orc:2    | Entered Level 2 of the Orcish Mines
 20638 | Orc:2    | Reached ***** piety under Hepliaklqana
 20732 | Orc:2    | Reached skill level 12 in Fighting
 20847 | Orc:1    | Noticed Erolcha
 20853 | Orc:1    | Killed Erolcha
 21525 | Orc:1    | Noticed an orc warlord
 21525 | Orc:1    | Found a roughly hewn altar of Beogh.
 21536 | Orc:1    | Killed an orc warlord
 21537 | Orc:1    | Reached skill level 1 in Shields
 22213 | Orc:2    | Noticed an orc warlord
 22230 | Orc:2    | Killed an orc warlord
 22459 | Orc:2    | Noticed an orc warlord
 22474 | Orc:2    | Killed an orc warlord
 22475 | Orc:2    | Reached XP level 15. HP: 70/108 MP: 16/28
 22670 | Orc:2    | Noticed an orc warlord
 22677 | Orc:2    | Killed an orc warlord
 22854 | Orc:2    | Found a staircase to the Elven Halls.
 23263 | Orc:2    | Noticed an orc warlord
 23468 | Orc:2    | Reached skill level 15 in Axes
 23678 | Orc:2    | Found a roughly hewn altar of Beogh.
 23763 | Orc:2    | Noticed an orc warlord
 23772 | Orc:2    | Killed an orc warlord
 24020 | Orc:2    | Found Ecudiliv's Book Emporium.
 24032 | Orc:2    | Bought an Everburning Encyclopedia for 532 gold pieces
 24037 | Orc:2    | Learned a level 4 spell: Ignite Poison
 24065 | Orc:2    | Found Equl's Armour Shoppe.
 24379 | Orc:2    | Killed an orc warlord
 24380 | Orc:2    | Reached skill level 5 in Dodging
 24603 | Orc:2    | Found Ysuigocia's General Store.
 24661 | Orc:2    | Bought a potion of haste for 140 gold pieces
 24729 | Orc:2    | Reached skill level 1 in Fire Magic
 24807 | Orc:2    | Found a roughly hewn altar of Beogh.
 24969 | Orc:2    | Found Aceta's Assorted Antiques.
 24979 | Orc:2    | Bought a scroll labelled ECKAX PAADD for 33 gold pieces
 25060 | Orc:2    | Acquired the Secrets of the Snake and Soot
 26028 | D:11     | Reached skill level 10 in Ice Magic
 26559 | D:11     | Learned a level 4 spell: Sticky Flame
 26661 | D:12     | Reached skill level 10 in Spellcasting
 26960 | D:12     | Found Qeaz's General Store.
 26978 | D:12     | Bought a scroll of blinking for 75 gold pieces
 26978 | D:12     | Bought the +7 war axe of Dihiuj {protect, rC+ Will+ SInv}
                  | for 630 gold pieces
 27683 | D:13     | Noticed a frost giant
 27823 | D:13     | Killed a frost giant
 28385 | D:14     | Reached skill level 5 in Shields
 28857 | D:14     | Reached XP level 16. HP: 116/116 MP: 26/30
 29468 | D:14     | Identified the +11 triple crossbow of the Moon {freeze,
                  | rF+}
 29747 | D:14     | Identified the +8 spear of Gallantry {freeze, rN+++ Will+++
                  | Str-5 SInv}
 30009 | D:14     | Got the Reference Book on Coordinates and the Autopsy
 30060 | D:14     | Found an iron altar of Okawaru.
 30350 | D:14     | Found a gate to the Vaults.
 30532 | D:15     | Entered Level 15 of the Dungeon
 30827 | D:15     | Found a portal to a secret trove of treasure.
 30881 | D:15     | Found Vitaoth's Assorted Antiques.
 30885 | D:15     | Bought a twitching jade ring for 110 gold pieces
 30885 | D:15     | Identified the ring "Ofores" {EV+5 Str+6} (You bought it in
                  | a shop on level 15 of the Dungeon)
 30885 | D:15     | Bought a coppery potion for 19 gold pieces
 31553 | D:15     | Reached skill level 13 in Fighting
 31613 | D:15     | Reached ****** piety under Hepliaklqana
 31692 | D:15     | Found a staircase to the Depths.
 32057 | Lair:3   | Found a staircase to the Snake Pit.
 32063 | Lair:3   | Upgraded the game from 0.32-a0-360-gcd93b57ba1 to
                  | 0.32-a0-391-gce5c0aab1b
 32095 | Snake:1  | Entered Level 1 of the Snake Pit
 32771 | Snake:1  | Reached skill level 1 in Evocations
 34001 | Snake:2  | Reached XP level 17. HP: 123/123 MP: 31/31
 34068 | Snake:2  | Identified the +9 glaive of the Fifty Brambles {antimagic,
                  | ^Drain rF+ rCorr}
 34957 | Snake:3  | Noticed Vashnia
 35216 | Snake:3  | Killed Vashnia
 35940 | Snake:3  | Found a basalt altar of Yredelemnul.
 36075 | Snake:3  | Identified the +0 leather armour "Ohoastiq" {rF+ Will+}
 37589 | Snake:4  | Entered Level 4 of the Snake Pit
 37599 | Snake:4  | Reached skill level 5 in Evocations
 37746 | Snake:4  | Learned a level 5 spell: Yara's Violent Unravelling
 37788 | Snake:4  | Reached skill level 10 in Invocations
 38051 | Snake:4  | Reached skill level 1 in Hexes
 38927 | Snake:4  | Reached XP level 18. HP: 120/130 MP: 15/33
 39810 | Snake:4  | Reached skill level 14 in Fighting
 41562 | Snake:4  | Reached skill level 5 in Hexes
 42026 | Snake:4  | Got a serpentine rune of Zot
 42359 | Swamp:1  | Entered Level 1 of the Swamp
 42526 | Swamp:1  | Noticed Lurud's ghost (adept DrSh)
 42527 | Swamp:1  | Found a transporter.
 42535 | Swamp:1  | Found a transporter.
 42537 | Swamp:1  | Found a bloodstained altar of Trog.
 43823 | Swamp:2  | Upgraded the game from 0.32-a0-391-gce5c0aab1b to
                  | 0.32-a0-407-g4da7c8d6d1
 44670 | Swamp:3  | Reached XP level 19. HP: 137/137 MP: 1/34
 45690 | Swamp:4  | Entered Level 4 of the Swamp
 47402 | Swamp:4  | Got a decaying rune of Zot
 47910 | Elf:1    | Entered Level 1 of the Elven Halls
 48316 | Elf:1    | Found Detizy Inaer's Book Boutique.
 48389 | Elf:1    | You are sucked into a shaft and drop 1 floor!
 48395 | Elf:2    | Found Fifaelis's Magic Scroll Boutique.
 48405 | Elf:2    | Bought a scroll of revelation for 150 gold pieces
 48481 | Elf:2    | Reached skill level 15 in Fighting
 48541 | Elf:1    | Reached skill level 10 in Evocations
 48696 | Elf:1    | Noticed Louise
 48716 | Elf:1    | Killed Louise
 48894 | Elf:1    | Got the Directory of the Azure Congregation
 48904 | Elf:1    | Learned a level 7 spell: Ozocubu's Refrigeration
 49572 | Elf:2    | Found Xomasup's General Store.
 49582 | Elf:2    | Bought a scroll of blinking for 112 gold pieces
 49623 | Elf:2    | Paralysed by an air elemental for 1 turns
 50679 | Elf:2    | Found Medeu's Jewellery Emporium.
 50979 | Elf:2    | Found Kiuthrig's Magic Scroll Boutique.
 50982 | Elf:2    | Bought a scroll of revelation for 157 gold pieces
 51126 | Elf:2    | Reached skill level 15 in Ice Magic
 51308 | Elf:2    | Found a runed translucent gate.
 51309 | Elf:2    | Found a runed translucent gate.
 51309 | Elf:2    | Found a runed translucent gate.
 51470 | Elf:3    | Entered Level 3 of the Elven Halls
 51558 | Elf:3    | Upgraded the game from 0.32-a0-407-g4da7c8d6d1 to
                  | 0.32-a0-422-g28b100f618
 51887 | Elf:3    | Found Uskemaom's Jewellery Shop.
 51888 | Elf:3    | Found Ryczay's Book Emporium.
 51889 | Elf:3    | Found Paema's Jewellery Shop.
 51896 | Elf:3    | Bought an amulet of magic regeneration for 480 gold pieces
 52200 | Elf:3    | Reached XP level 20. HP: 145/145 MP: 5/36
 52635 | Elf:3    | Upgraded the game from 0.32-a0-422-g28b100f618 to
                  | 0.32-a0-433-g08bcfe7efd
 53121 | Elf:3    | Paralysed by an air elemental for 1 turns
 53124 | Elf:3    | Paralysed by an air elemental for 1 turns
 53162 | Elf:3    | Noticed a Brimstone Fiend
 53417 | Elf:3    | Identified the +8 morningstar "Diatuics" {venom, Int+4}
 53710 | Elf:3    | Identified the +6 sling "Meptyor" {speed, rElec Will-
                  | Str+2}
 53726 | Elf:3    | Found the +9 sword of Zonguldrok {reap}
 53727 | Elf:3    | Found the +3 pair of mountain boots {steadfast, rC+}
 54016 | Vaults:1 | Entered Level 1 of the Vaults
 54062 | Vaults:1 | Found a roughly hewn altar of Beogh.
 55141 | Vaults:1 | Identified the ring "Fauserie" {*Corrode rC+ Str+3 Dex+6}
 55354 | Vaults:1 | Paralysed by a formless jellyfish for 1 turns
 55356 | Vaults:1 | Paralysed by a formless jellyfish for 1 turns
 56343 | Vaults:1 | Identified the +2 pair of gloves of Ucleilano {Dex+4}
 56577 | Vaults:2 | Identified the orb "Poeptiam" {*channel, rF- MP+9 Int-2
                  | Slay+5 Fire}
 56577 | Vaults:2 | Noticed Frederick
 56650 | Vaults:1 | Killed Frederick
 56750 | Vaults:2 | Reached skill level 10 in Dodging
 56883 | Vaults:2 | Noticed Donald
 56893 | Vaults:2 | Killed Donald
 56984 | Vaults:2 | Reached XP level 21. HP: 152/152 MP: 5/37
 57345 | Vaults:2 | Found a staircase to the Crypt.
 57345 | Vaults:2 | Found a basalt altar of Yredelemnul.
 57345 | Vaults:2 | Found an ancient bone altar of Kikubaaqudgha.
 57669 | Vaults:2 | Reached skill level 10 in Shields
 57752 | Vaults:2 | Reached skill level 16 in Fighting
 58839 | Vaults:3 | Found a crumbling gateway.
 58858 | Desolati | Entered the Desolation of Salt
 59825 | Vaults:3 | Reached skill level 17 in Fighting
 60354 | Vaults:3 | Identified the amulet "Rasaor" {Regen+ Dex+3 Stlth+}
 60406 | Vaults:3 | Found Rarezysm's Distillery.
 60415 | Vaults:3 | Bought a potion of haste for 200 gold pieces
 60415 | Vaults:3 | Bought a potion of brilliance for 80 gold pieces
 60415 | Vaults:3 | Bought a potion of brilliance for 80 gold pieces
 60415 | Vaults:3 | Bought a potion of mutation for 160 gold pieces
 60415 | Vaults:3 | Gained mutation: You are clumsy. (Dex -2) [potion of
                  | mutation]
 60415 | Vaults:3 | Gained mutation: You are strong-willed. (Will+) [potion of
                  | mutation]
 60416 | Vaults:3 | Lost mutation: You are clumsy. (Dex -2) [potion of
                  | mutation]
 60416 | Vaults:3 | Lost mutation: You are strong-willed. (Will+) [potion of
                  | mutation]
 60416 | Vaults:3 | Gained mutation: Your body sometimes deteriorates upon
                  | taking damage. [potion of mutation]
 60416 | Vaults:3 | Gained mutation: You are agile. (Dex +4, Str/Int -1)
                  | [potion of mutation]
 60416 | Vaults:3 | Gained mutation: Your mind is acute. (Int +4, Str/Dex -1)
                  | [potion of mutation]
 61107 | Vaults:4 | Reached XP level 22. HP: 141/163 MP: 19/39
 61321 | Vaults:4 | Noticed Saint Roka
 61337 | Vaults:4 | Killed Saint Roka
 61514 | Vaults:4 | Identified the +0 chain mail "Ununt" {-Cast Str+5 Int-5}
 61966 | Vaults:4 | Reached skill level 18 in Fighting
 63236 | Depths:1 | Entered Level 1 of the Depths
 63635 | Depths:1 | Found a gateway to Hell.
 63640 | Depths:1 | Found a one-way gate to the infinite horrors of the Abyss.
 63691 | Depths:1 | Got the Elucidation of Viridian Destruction
 63694 | Depths:1 | Found a flickering gateway to a bazaar.
 63707 | Bazaar   | Entered a bazaar
 63722 | Bazaar   | Found Plog's Magic Scroll Shoppe.
 63724 | Bazaar   | Found Coezeif's Armour Shoppe.
 63765 | Bazaar   | Found Zanecuc's Antique Weapon Emporium.
 63766 | Bazaar   | Found Xurroa's Distillery.
 63806 | Bazaar   | Bought the +4 skin of Zhor {*Englaciate rC+++ SInv} for 532
                  | gold pieces
 63806 | Bazaar   | Found the +4 skin of Zhor {*Englaciate rC+++ SInv}
 63835 | Bazaar   | Bought a glimmering war axe for 272 gold pieces
 63835 | Bazaar   | Identified the +5 war axe of Supply {antimagic, Str+3} (You
                  | bought it in a shop in a bazaar)
 63847 | Bazaar   | Bought a potion of resistance for 70 gold pieces
 63847 | Bazaar   | Bought a potion of magic for 56 gold pieces
 64007 | Depths:1 | Found a one-way gateway to a ziggurat.
 64192 | Depths:1 | Found a one-way gate leading to the halls of Pandemonium.
 64306 | Depths:2 | Found a magical portal.
 64369 | WizLab   | Entered Wucad Mu's Monastery
 64601 | WizLab   | Found the crystal ball of Wucad Mu {*channel}
 64992 | Depths:2 | Reached skill level 19 in Fighting
 65184 | Depths:2 | Noticed a golden dragon
 65195 | Depths:2 | Killed a golden dragon
 65302 | Depths:2 | Noticed a golden dragon
 65327 | Depths:2 | Killed a golden dragon
 65372 | Depths:2 | Noticed a juggernaut
 65379 | Depths:2 | Killed a juggernaut
 65901 | Depths:2 | Reached XP level 23. HP: 175/175 MP: 21/41
 66021 | Depths:2 | Reached skill level 15 in Shields
 66466 | Depths:2 | Reached skill level 20 in Fighting
 67547 | Depths:3 | Reached skill level 15 in Spellcasting
 68319 | Depths:3 | Found a basalt altar of Yredelemnul.
 68641 | Depths:3 | Found a broken altar of Ashenzari.
 68787 | Depths:3 | Identified the +1 leather armour of Filth {+Inv rCorr Int-2
                  | Dex+4}
 69069 | Depths:4 | Entered Level 4 of the Depths
 69076 | Depths:4 | Reached skill level 21 in Fighting
 69268 | Depths:4 | Noticed a juggernaut
 69283 | Depths:4 | Killed a juggernaut
 69378 | Depths:4 | Found a gate to the Realm of Zot.
 69492 | Depths:4 | Noticed Grunn
 69503 | Depths:4 | Found the +3 salamander hide armour {Flames, rFlCloud rF++
                  | rC--}
 69596 | Depths:4 | Killed Grunn
 69627 | Depths:4 | Reached XP level 24. HP: 117/187 MP: 6/42
 71498 | Vaults:5 | Entered Level 5 of the Vaults
 71984 | Vaults:5 | Identified the ring "Vaubbetz" {*Corrode rPois rF+ Int+3
                  | Dex+4}
 72144 | Vaults:5 | Noticed a dread lich
 72163 | Vaults:5 | Killed a dread lich
 72243 | Vaults:5 | Reached skill level 15 in Dodging
 72254 | Vaults:5 | Noticed an ancient lich
 72276 | Vaults:5 | Killed an ancient lich
 72483 | Vaults:5 | Got Sif Muna's Encyclopedia of the Door
 72634 | Vaults:5 | Got a silver rune of Zot
 73072 | Vaults:5 | Found Ceamu's General Store.
 73145 | Vaults:5 | Bought a scroll of blinking for 157 gold pieces
 73286 | Vaults:5 | Identified the +7 orcbow "Caojeunu" {heavy, rF- rCorr Int+2
                  | Stlth+}
 73769 | Vaults:5 | Noticed a dread lich
 73848 | Vaults:5 | Reached XP level 25. HP: 186/194 MP: 7/43
 74042 | Vaults:5 | Identified the ring of Ufix {Ice rPois Stlth+}
 74268 | Vaults:5 | Killed a dread lich
 74269 | Vaults:5 | Reached skill level 22 in Fighting
 74456 | Vaults:5 | Identified the ring of the Will of the Gods {Fire Str+5}
 75185 | Zot:1    | Entered Level 1 of the Realm of Zot
 75616 | Zot:3    | Noticed Vv
 75960 | Zot:5    | Entered Level 5 of the Realm of Zot
 76796 | Zot:5    | Noticed a Killer Klown
 76796 | Zot:5    | Noticed an orb of fire
 76796 | Zot:5    | Noticed a Killer Klown
 76799 | Zot:5    | Got the Orb of Zot
 76972 | Depths:2 | Noticed Imirorpha the pandemonium lord
 76984 | Depths:1 | Noticed Duamob the pandemonium lord
 77172 | D:8      | Noticed Zaluwaf the pandemonium lord
 77382 | D:$      | Escaped with the Orb!

Illustrated notes

Levels and vault maps discovered:
D:1:      nzn_arrival_settlement, layout_basic
D:2:      layout_basic, serial_shops, shop
D:3:      layout_loops_ring, serial_glass, glass_columns_b, glass_columns_c,
          due_unseen_surprise, minmay_strange_pillars, cheibrodos_gnoll_hut
D:4:      layout_cave_pods, uniq_duvessa, uniq_natasha, uniq_ijyb
D:5:      layout_layer_cave, nicolae_ossuary_entry_ruins, uniq_edmund
D:6:      layout_cave_pools
D:7:      layout_layer_cave, amcnicky_altar_gilded,
          minmay_temple_entry_proselytizer, enter_bailey_5
D:8:      layout_rooms, gammafunk_ghost_hive
D:9:      layout_irregular_city, due_lair_maze_entry_diamond
D:10:     layout_loops_ring, hiddenorc1_lemuel, serial_shops, shop
D:11:     layout_roguey, minmay_misc_feat_chi, kennysheep_small_spiral
D:12:     layout_long_grid, serial_shops, shop
D:13:     layout_roguey, hangedman_decor_slide_cut, dreamdust_mushroom_princess,
          kennysheep_just_a_vault
D:14:     minmay_the_grid_octo_tiled_squarecenter
          [minmay_the_grid_octo_odd_swirl, minmay_the_grid_octo_vomiting_pacman,
          minmay_the_grid_octo_fat_diamond, minmay_the_grid_octo_teeth,
          minmay_the_grid_square_5x5_megaprize_diamond,
          minmay_the_grid_square_5x5_inner_v,
          minmay_the_grid_square_5x5_fancy_junction,
          minmay_the_grid_square_5x5_eight_small,
          minmay_the_grid_square_5x5_intrusive_squares], layout_loops_cross,
          david_vaults_2, serial_park_tiny_2
D:15:     hangedman_depths_entry_try_elsewhere_first, layout_irregular_city,
          serial_shops, nicolae_shop_back_alley_shop, nrook_pool_corridor,
          nicolae_trove_entry_diagonal
Temple:   grunt_wide_crystal_templ
Lair:1:   layout_small_grid, worms_lemuel
Lair:2:   layout_hall_layers, chequers_serial_rivers_micro_d,
          nicolae_quartered_pool_little, kennysheep_abandoned_house,
          infiniplex_staircase_pool_2
Lair:3:   layout_roguey, mainiacjoe_swamp_entry_lozenge_pond,
          alex1729_snake_entry_snake, grunt_megastairs_5
Lair:4:   layout_small_grid, nicolae_slime_entry_slimehenge,
          serial_bayou_shore_b, lemuel_fruit_tree, grunt_megastairs_3,
          uniq_josephine
Lair:5:   grunt_lair_end_beastmaster, layout_cave_pods
Swamp:1:  layout_falls_marsh, gammafunk_ghost_wrathful_warriors,
          hangedman_swamp_pad, swamp_pool_3, infiniplex_staircase_pool
Swamp:2:  layout_basic_swamp, hangedman_swamp_blocks, swamp_pool_3,
          lightli_tree_ring
Swamp:3:  layout_basic_swamp, nicolae_swamp_little_tower, swamp_pool_4
Swamp:4:  swamp_icy, layout_basic_swamp, nicolae_swamp_hydra_murder_den
Snake:1:  layout_misc_corridors, guppyfry_snake_island
Snake:2:  layout_basic, nicolae_snake_omega
Snake:3:  layout_chambers, basic_altar, grunt_megastairs_2, uniq_vashnia
Snake:4:  snake_pit, layout_basic, grunt_ministairs_4, st_stairs_12,
          serial_bayou_lagoon_b
Orc:1:    layout_diamond_mine, basic_altar, uniq_erolcha
Orc:2:    pubby_orc_utopia
Elf:1:    eino_elf_arrival_the_gate, layout_geoelf_grid, serial_shops, shop,
          nicolae_elf_shapeshifter_party, uniq_louise
Elf:2:    nicolae_elf_blades_crystal_corner, layout_loops_corners, serial_shops,
          nicolae_shop_stone, nicolae_shop_stone, nicolae_lakefront_shop,
          nicolae_shop_rolled_up
Elf:3:    elf_hall, layout_loops_cross, serial_glass, glass_columns_b,
          glass_columns_c, serial_sigils_hangedman_stare, minmay_shop_grove
Vaults:1: ontoclasm_vaults_bender, ontoclasm_vaults_decontamination,
          v_alt_pattern_4, v_misc_1, v_misc_11, v_rooms_4, v_rooms_4,
          vaults_standard_mumra_x, nicolae_vaults_network_periphery,
          vaults_dpeg_cross, special_room_vaults [special_room_orc],
          ontoclasm_vaults_loading_screen, layout_vaults_omnicross
Vaults:2: nicolae_vaults_border_crossing, v_misc_29, hangedman_vaults_snaps,
          vaults_dpeg_diagonal, nicolae_vaults_apartment_1,
          hangedman_vaults_slither, ontoclasm_vaults_tryst,
          vaults_mumra_chevron, vaults_room_grid, v_alt_pattern_1,
          ontoclasm_vaults_claustrophobia, minmay_crypt_entry_necro_gods,
          nicolae_vaults_ninety_degrees, grunt_vaults_twisty,
          nicolae_vaults_theta, layout_vaults_maze_bifur, uniq_donald,
          uniq_frederick
Vaults:3: portal_desolation_entry_garden, vaults_room_fours,
          nicolae_vaults_theta, vaults_mumra_hexcomb, nicolae_vaults_six-pack,
          nicolae_vaults_closet_pinwheel_1, vaults_dpeg_ring, v_misc_12,
          nicolae_vaults_security_offices_1, layout_vaults_omnigrid,
          serial_shops, nicolae_shop_industrial_runoff
Vaults:4: grunt_vaults_trifunnel, nicolae_vaults_diamond_1, v_rooms_6,
          cheibrodos_frozen_isle, nicolae_vaults_circle_grid_b,
          nicolae_vaults_double_plus_1, ontoclasm_vaults_pinch,
          nicolae_vaults_diamond_2, nicolae_vaults_closet_pinwheel_4,
          nicolae_vaults_house_1, layout_vaults_chaotic_city, uniq_saint_roka
Vaults:5
Depths:1: layout_big_octagon, enter_ziggurat_e, abyss_entry, serial_shops,
          bzr_entry_road, minmay_crystal_water, hell_entry,
          rand_demon_pan_entry_1, nicolae_zig_zag_zippers
Depths:2: minmay_spiral_squares, layout_gridlike,
          infiniplex_enter_wizlab_glasses, hell_entry, abyss_entry,
          grunt_pan_entry_zigzag
Depths:3: minmay_isolated_rectangles_in_corner, layout_cave_shapes, abyss_entry,
          hell_entry, nicolae_ashenzari_panopticon, special_room
          [special_room_mythical_zoo], yredelemnul_altar_generic,
          infiniplex_staircase_river, firewood_loft, grunt_megastairs_4
Depths:4: grunt_zot_entry_tricorne, layout_gridlike, hell_entry,
          serial_library_regret_index_double_sided, rand_demon_pan_entry_4,
          abyss_entry, hellmonk_guarded_unrand_salamander, serial_bayou_shore_b,
          uniq_grunn
Zot:1:    layout_onion
Zot:2:    layout_concentric_octagons, skrybe_zot_glass_2
Zot:3:    layout_twisted_circle, uniq_vv
Zot:4:    layout_basic, ebering_ghost_reflecting_pool, st_small_dragon_hoard_2
Zot:5:    layout_twisted_circle, regret_index_zotdec_slimy_original, st_stairs_1

Skill      XL: |  1  2  3  4  5  6  7  8  9 10 11 12 13 14 15 16 17 18 19 20 21 22 23 24 25 |
---------------+----------------------------------------------------------------------------+-----
Translocations | 1 2 |  2.2
Fighting       | 3 4 5 6 8 9 10 11 12 13 14 15 17 19 21 22 | 22.3
Conjurations   | 4 5 6 7 |  7.2
Ice Magic      | 2 3 4 5 7 9 10 12 15 19 20 21 | 21.9
Spellcasting   | 3 4 5 6 7 8 9 10 11 12 13 14 15 16 | 16.6
Axes           | 1 2 3 5 7 9 11 12 14 15 16 17 | 17.8
Stealth        | 1 3 5 7 9 |  9.4
Alchemy        | 3 6 9 10 11 12 13 14 | 14.2
Air Magic      | 2 |  2.0
Invocations    | 2 5 7 8 9 10 | 10.0
Dodging        | 4 5 6 7 9 10 11 12 14 15 | 15.8
Shields        | 2 5 6 9 12 14 16 17 18 | 18.4
Fire Magic     | 3 4 |  4.0
Evocations     | 2 5 8 10 | 10.0
Hexes          | 2 6 |  6.0
Maces & Flails | |  3.4

Action                     |  1- 3 |  4- 6 |  7- 9 | 10-12 | 13-15 | 16-18 | 19-21 | 22-24 | 25-27 || total
---------------------------+-------+-------+-------+-------+-------+-------+-------+-------+-------++-------
  Melee: Mace              |    83 |    29 |       |       |       |       |       |       |       ||   112
         Hand axe          |       |    80 |     3 |       |       |       |       |       |       ||    83
         War axe           |       |       |   105 |       |       |       |   107 |   327 |    94 ||   633
         Broad axe         |       |       |    48 |   253 |   349 |   354 |    84 |    20 |       ||  1108
   Cast: Momentum Strike   |    16 |    26 |    19 |    12 |     2 |       |     2 |     1 |       ||    78
         Hailstorm         |       |     4 |    69 |    54 |    71 |    94 |    12 |       |       ||   304
         Ozocubu's Armour  |       |       |     3 |    11 |    14 |    26 |    13 |    26 |     3 ||    96
         Mercury Vapours   |       |       |       |     7 |       |       |       |       |       ||     7
         Kiss of Death     |       |       |       |     2 |       |       |       |       |       ||     2
         Sting             |       |       |       |     6 |     2 |     1 |       |       |       ||     9
         Olgreb's Toxic Ra |       |       |       |    69 |   291 |   181 |   182 |   114 |     1 ||   838
         Ignite Poison     |       |       |       |       |    10 |    76 |   101 |    50 |       ||   237
         Sculpt Simulacrum |       |       |       |       |     2 |    50 |     6 |    13 |     3 ||    74
         Sticky Flame      |       |       |       |       |       |     5 |       |     1 |       ||     6
         Yara's Violent Un |       |       |       |       |       |    29 |    21 |    12 |     3 ||    65
         Ozocubu's Refrige |       |       |       |       |       |       |   273 |   476 |   142 ||   891
 Invoke: Ancestor Identity |       |       |       |     2 |       |       |       |       |       ||     2
         Recall Ancestor   |       |       |       |     4 |     1 |     2 |     3 |     6 |     7 ||    23
         Ancestor Life: Kn |       |       |       |     1 |       |       |       |       |       ||     1
         Idealise          |       |       |       |       |     3 |     3 |     4 |     9 |     1 ||    20
         Transference      |       |       |       |       |       |       |     1 |       |       ||     1
Ability: Hop               |       |       |     1 |     6 |     2 |     5 |     3 |     6 |     1 ||    24
  Evoke: Wand              |       |       |       |       |     1 |     1 |     6 |     4 |       ||    12
         Box of beasts     |       |       |       |       |       |     2 |     2 |     1 |       ||     5
         Phantom mirror    |       |       |       |       |       |       |     2 |     1 |       ||     3
    Use: Scroll            |     3 |     8 |     3 |    14 |     5 |     4 |     3 |    11 |    10 ||    61
         Potion            |       |     1 |       |     4 |       |     2 |     4 |     8 |     4 ||    23
   Stab: Sleeping          |       |       |     3 |     3 |     6 |     4 |     2 |     1 |     1 ||    20
         Distracted        |       |       |       |     3 |     1 |     7 |     7 |     6 |     2 ||    26
         Petrified         |       |       |       |       |     1 |       |       |       |       ||     1
         Invisible         |       |       |       |       |       |     1 |       |       |       ||     1
 Armour: Leather armour    |    47 |    78 |   183 |   238 |   307 |   353 |   261 |    57 |       ||  1524
         Animal skin       |       |       |       |       |       |       |       |   239 |    59 ||   298
  Dodge: Dodged            |    63 |    85 |   151 |   198 |   165 |   318 |   198 |   326 |    76 ||  1580
  Block: Other             |       |       |       |    18 |    42 |       |       |       |       ||    60
         Reflection        |       |       |       |     1 |    14 |    50 |     5 |       |       ||    70
         Buckler           |       |       |       |       |    87 |   269 |    52 |       |       ||   408
         Kite shield       |       |       |       |       |       |       |    84 |   287 |       ||   371
         Tower shield      |       |       |       |       |       |       |       |    69 |   150 ||   219

Table legend: (Time is in decaauts)
 A = Elapsed time spent in this place.
 B = Non-inter-level travel time spent in this place.
 C = Inter-level travel time spent in this place.
 D = Time resting spent in this place.
 E = Time spent auto-exploring this place.
 F = Levels seen in this place.
 G = Mean time per level.
                   A        B        C        D        E       F      G
               +--------+--------+--------+--------+--------+-----+--------+
         Total |  84378 |  78186 |   6192 |  33819 |  29759 |  52 | 1622.7 |
       Dungeon |  21561 |  19080 |   2481 |   6714 |   9120 |  15 | 1437.4 |
        Temple |     24 |     15 |      9 |      3 |      0 |   1 |   24.0 |
          Lair |   8924 |   8313 |    611 |   3272 |   3632 |   5 | 1784.8 |
         Swamp |   5767 |   5451 |    316 |   2597 |   2087 |   4 | 1441.8 |
     Snake Pit |  10964 |  10606 |    358 |   5006 |   3187 |   4 | 2741.0 |
  Orcish Mines |   4941 |   4499 |    442 |   2532 |   1273 |   2 | 2470.5 |
   Elven Halls |   6393 |   6232 |    161 |   2930 |   2346 |   3 | 2131.0 |
        Vaults |  13584 |  12770 |    814 |   5612 |   4744 |   5 | 2716.8 |
        Depths |   8250 |   7425 |    825 |   3156 |   2806 |   4 | 2062.5 |
           Zot |   1777 |   1607 |    170 |    955 |    305 |   5 |  355.4 |
        Bazaar |    178 |    178 |      0 |      0 |     91 |   1 |  178.0 |
        Bailey |   1386 |   1386 |      0 |    809 |    154 |   1 | 1386.0 |
        Wizlab |    374 |    374 |      0 |     65 |      9 |   1 |  374.0 |
    Desolation |    249 |    249 |      0 |    167 |      0 |   1 |  249.0 |
               +--------+--------+--------+--------+--------+-----+--------+

Top non-repeatable levels by time:
 Snake:4: 4903 daAuts
   Orc:2: 4244 daAuts
Vaults:5: 3597 daAuts
Depths:2: 2928 daAuts
Vaults:1: 2900 daAuts
Vaults:4: 2680 daAuts
    D:14: 2569 daAuts
 Snake:3: 2561 daAuts
Depths:3: 2496 daAuts
  Lair:5: 2473 daAuts
Vaults:2: 2380 daAuts
   Elf:1: 2218 daAuts
     D:7: 2185 daAuts
   Elf:3: 2131 daAuts
     D:4: 2061 daAuts
